 Dungeon Crawl Stone Soup version 0.28-a0-796-gd4f0d3f9b2 (webtiles) character file.

Game seed: 13935159479762205958

2119 Decritt the Digger (level 9, 0/54 HPs)
             Began as a Gargoyle Earth Elementalist on Nov 6, 2021.
             Was a Believer of Zin.
             Slain by an orc warrior (16 damage)
             ... on level 7 of the Dungeon.
             The game lasted 00:55:51 (10450 turns).

Decritt the Digger (Gargoyle Earth Elementalist)   Turns: 10450, Time: 00:55:51

Health: 0/54       AC: 16    Str: 13    XL:     9   Next: 29%
Magic:  0/13       EV: 11    Int: 18    God:    Zin [**....]
Gold:   182        SH:  0    Dex: 16    Spells: 10/14 levels left

rFire   . . .      SeeInvis .   p - +0 morningstar
rCold   . . .      Faith    .   (no shield)
rNeg    + . .      Spirit   .   o - +0 ring mail
rPois   ∞          Reflect  .   (no helmet)
rElec   +          Harm     .   G - +0 cloak
rCorr   .          Rampage  .   y - +0 pair of gloves
Will    .....                   a - +0 pair of boots
Stlth   +.........              e - amulet of the acrobat
HPRegen 0.18/turn               v - +6 ring of dexterity
MPRegen 0.13/turn               (no ring)

@: on recite cooldown, very slightly contaminated
A: sickness immunity, AC +6, negative energy resistance 1, electricity
resistance, torment resistance 1, petrification resistance
a: Renounce Religion, Recite, Vitalisation, Donate Gold


You were on level 7 of the Dungeon.
You worshipped Zin.
Zin was pleased with you.
You visited 2 branches of the dungeon, and saw 9 of its levels.

You collected 327 gold pieces.
You donated 145 gold pieces to Zin.

Inventory:

Hand Weapons
 p - a +0 morningstar (weapon)
Missiles
 c - 143 stones
 h - 34 poisoned darts (quivered)
 x - 8 boomerangs
 B - 5 datura-tipped darts
 F - 3 atropa-tipped darts
Armour
 a - a +0 pair of boots (worn)
 g - a +0 kite shield
 o - a +0 ring mail (worn)
 w - a +0 leather armour
 y - a +0 pair of gloves (worn)
 G - a +0 cloak (worn)
Magical Staves
 u - a staff of conjuration
Jewellery
 e - an amulet of the acrobat (around neck)
 v - a +6 ring of dexterity (left hand)
Wands
 b - a wand of digging (12)
 K - a wand of flame (15)
Scrolls
 d - 6 scrolls of teleportation
 i - 2 scrolls of amnesia
 m - a scroll of enchant armour {unknown}
 q - a scroll of summoning {unknown}
 z - a scroll of immolation {unknown}
 C - a scroll of brand weapon
 E - a scroll of fog {unknown}
 I - a scroll of blinking
 J - a scroll of magic mapping {unknown}
 L - a scroll of enchant weapon {unknown}
Potions
 f - 2 potions of attraction
 j - a potion of invisibility
 k - a potion of ambrosia
 l - 3 potions of curing
 n - 2 potions of heal wounds
 s - 2 potions of cancellation


   Skills:
 + Level 5.6 Fighting
 - Level 1.6(1.8) Maces & Flails
 - Level 0.7(1.3) Staves
 - Level 6.2 Armour
 - Level 1.5 Dodging
 - Level 2.1 Stealth
 - Level 3.0 Shields
 - Level 3.0 Spellcasting
 + Level 4.2 Conjurations
 - Level 0.7 Transmutations
 + Level 7.3 Earth Magic
 * Level 3.9 Invocations


You had 10 spell levels left.
You knew the following spells:

 Your Spells              Type           Power      Damage    Failure   Level
a - Sandblast             Erth           58%        2d13      1%          1
b - Stone Arrow           Conj/Erth      46%        3d9       9%          3

Your spell library contained the following spells:

 Spells                   Type           Power      Damage    Failure   Level
 Passwall                 Tmut/Erth      14%        N/A       9%          2
 Ensorcelled Hibernation  Hex/Ice        4%         N/A       43%         2
 Petrify                  Tmut/Erth      17%        N/A       52%         4
 Animate Armour           Summ/Erth      30%        N/A       56%         4
 Tukima's Dance           Hex            2%         N/A       67%         3
 Lehudib's Crystal Spear  Conj/Erth      11%        10d4      100%        8
 Shatter                  Erth           14%        3d14*     100%        9


Dungeon Overview and Level Annotations

Branches:
Dungeon (8/15)             Temple (1/1) D:6
   Lair: D:8-11

Altars:
Ashenzari
Cheibriados
Dithmenos
Elyvilon
Fedhas
Gozag
Hepliaklqana
Kikubaaqudgha
Makhleb
Nemelex Xobeh
Okawaru
Qazlal
Ru
Sif Muna
Trog
Uskayaw
Vehumet
Wu Jian
Xom
Yredelemnul
Zin

Annotations:
D:5 1 transporter, juzbaz's ghost, novice GnWn
D:7 2 transporters, Zigma's ghost, novice OpNe


Innate Abilities, Weirdness & Mutations

You are immune to sickness and miasma.
Your stone body is resilient. (AC +6)
You are immune to poison.
You resist negative energy. (rN+)
You are resistant to electric shocks. (rElec)
You are resistant to unholy torment.
You are immune to petrification.


Message History

The orc warrior hits you with a +0 long sword.
* * * LOW HITPOINT WARNING * * *
You closely miss the orc warrior.
The orc warrior is severely wounded.
The orc warrior barely misses you.
The orc warrior hits you with a +0 long sword!
* * * LOW HITPOINT WARNING * * *
Okay, then.
You feel much better.
The orc warrior hits you but does no damage.
You barely miss the orc warrior.
The orc warrior is severely wounded.
The orc warrior hits you with a +0 long sword.
* * * LOW HITPOINT WARNING * * *
You hit the orc warrior.
The orc warrior is almost dead.
The orc warrior hits you with a +0 long sword.
* * * LOW HITPOINT WARNING * * *
The orc warrior hits you with a +0 long sword!
* * * LOW HITPOINT WARNING * * *
Okay, then.
You hit the orc warrior but do no damage.
The orc warrior is almost dead.
The orc warrior barely misses you.
Casting: Sandblast (safe; 1% risk of failure)
Confirm with . or Enter, or press ? or * to list all spells.
Aiming: Sandblast (safe; 1% risk of failure)
Press: ? - help, Shift-Dir - straight line, f/p - orc warrior
Aim: an orc warrior, wielding a +0 long sword and wearing a +0 chain mail (almost dead, 78% to hit)
You miscast Sandblast.
You are very lightly contaminated with residual magic.
Nothing appears to happen.
The kobold is lost in a daze.
The orc warrior closely misses you.
You hit the orc warrior but do no damage.
The orc warrior is almost dead.
The orc warrior hits you but does no damage.
You hit the orc warrior.
The orc warrior is almost dead.
The orc warrior hits you with a +0 long sword!
You die...

#.........# #.#
########### #.# #.#
###### #.# #....# #.#
#.##.# #.# #.##.# #.#
###########.##.####.#
..............Ko@##(#
#.......#...#).####.#
#..#.##.#.#.#.......#
#..#....#.#.#<..###.#
...#....#.###.#.# #.#
##..............# #.#
#......#####..## ###
#..............#
#........#.....###


You could see an orc warrior and a kobold (dazed).

Vanquished Creatures
  2 sky beasts (D:6)
  An orc warrior (D:7)
  2 ice beasts
  A black bear (D:6)
  4 ogres
  A phantom (D:5)
  A kobold brigand (D:7)
  3 scorpions
  A bullfrog (D:6)
  A water moccasin zombie (D:7)
  A howler monkey (D:7)
  A centaur zombie (D:5)
  A hound (D:7)
  A bullfrog zombie (D:6)
  A centaur skeleton (D:5)
  2 jellies
  2 orc priests (D:6)
  A bullfrog skeleton (D:6)
  Crazy Yiuf (D:5)
  2 scorpion zombies (D:5)
  2 iguanas
  3 orc wizards
  Natasha (D:1)
  A howler monkey skeleton (D:7)
  3 gnolls (D:6)
  6 adders
  3 white imps
  An ufetubus (D:5)
  An adder skeleton (D:4)
  A worm (D:2)
  A dart slug (D:2)
  20 orcs
  13 ball pythons
  5 endoplasms
  3 giant cockroaches
  5 goblins
  7 hobgoblins
  2 jackals (D:1)
  11 kobolds
  5 quokkas
  3 bats
  2 frilled lizards (D:1)
  4 rats
133 creatures vanquished.

Vanquished Creatures (others)
  A goblin (D:3)
  4 plants (D:5)
5 creatures vanquished.

Grand Total: 138 creatures vanquished

Notes
Turn   | Place    | Note
-------+----------+-------------------------------------------
     0 | D:1      | Decritt the Gargoyle Earth Elementalist began the quest for
                  | the Orb.
     0 | D:1      | Reached XP level 1. HP: 10/10 MP: 3/3
    28 | D:1      | You fall into a shaft and drop 1 floor!
   282 | D:1      | Reached skill level 1 in Fighting
   301 | D:1      | Reached skill level 4 in Earth Magic
   301 | D:1      | Reached XP level 2. HP: 16/16 MP: 3/5
  1199 | D:2      | Noticed Natasha
  1201 | D:2      | Noticed a crimson imp
  1271 | D:2      | Noticed a crimson imp
  1277 | D:2      | Noticed a crimson imp
  1576 | D:1      | Killed Natasha
  1577 | D:1      | Reached skill level 1 in Armour
  1577 | D:1      | Reached XP level 3. HP: 9/21 MP: 2/6
  1980 | D:2      | Reached XP level 4. HP: 27/27 MP: 4/7
  2005 | D:2      | Reached skill level 1 in Maces & Flails
  3091 | D:3      | Reached XP level 5. HP: 32/32 MP: 8/8
  3131 | D:3      | Found a faded altar of an unknown god.
  3780 | D:4      | Noticed an ogre
  3833 | D:3      | Killed an ogre
  3960 | D:4      | Noticed an ogre
  4215 | D:4      | Killed an ogre
  4216 | D:4      | Reached skill level 1 in Conjurations
  4216 | D:4      | Reached XP level 6. HP: 18/37 MP: 4/9
  5178 | D:5      | Entered Level 5 of the Dungeon
  5198 | D:5      | Reached XP level 7. HP: 40/42 MP: 2/10
  5284 | D:5      | Reached skill level 5 in Earth Magic
  5667 | D:5      | Reached skill level 1 in Shields
  5738 | D:5      | Noticed juzbaz's ghost (novice GnWn)
  5739 | D:5      | Found a transporter.
  5745 | D:5      | Identified the +8 dire flail of Popular Demand {flame,
                  | rPois Str+7}
  5853 | D:5      | Found a runed translucent door.
  5854 | D:5      | Noticed Crazy Yiuf
  5864 | D:5      | Killed Crazy Yiuf
  6251 | D:5      | Reached skill level 5 in Armour
  6323 | D:5      | Reached XP level 8. HP: 48/48 MP: 11/11
  6631 | D:6      | Reached skill level 6 in Earth Magic
  7555 | D:6      | Found a staircase to the Ecumenical Temple.
  7561 | Temple   | Entered the Ecumenical Temple
  7828 | Temple   | Became a worshipper of Zin the Law-Giver
  7828 | Temple   | Reached * piety under Zin
  7841 | Temple   | Donated 113 gold pieces to Zin
  7875 | D:6      | Learned a level 3 spell: Stone Arrow
  7956 | D:6      | Reached ** piety under Zin
  7980 | D:6      | Reached skill level 1 in Invocations
  9123 | D:7      | Reached skill level 5 in Fighting
  9406 | D:7      | Identified a scroll of acquirement
  9407 | D:7      | Acquired the Compendium of Ashen Curses
  9460 | D:7      | Noticed a soul eater
  9470 | D:7      | Found a transporter.
  9471 | D:7      | Noticed Zigma's ghost (novice OpNe)
  9508 | D:7      | Reached XP level 9. HP: 47/54 MP: 13/13
  9558 | D:7      | Reached skill level 7 in Earth Magic
  9861 | D:7      | Found a transporter.
  9906 | D:7      | Noticed an ancient zyme
 10450 | D:7      | Slain by an orc warrior

Illustrated notes

Levels and vault maps discovered:
D:1:      erik_arrival_blinker_ship, layout_basic, minmay_tetromino_o4
D:2:      layout_rooms, uniq_natasha
D:3:      layout_rooms, ebering_ecumenical_altar_abandoned, nrook_campfire,
          minmay_snake_closets
D:4:      layout_cave_pools, serial_glass, glass_columns_b, glass_columns_b
D:5:      layout_basic, gammafunk_ghost_smash, nrook_mini_vaults,
          chequers_big_river, uniq_crazy_yiuf_cottage
D:6:      layout_basic, minmay_temple_entry_hall
D:7:      layout_basic, gammafunk_ghost_abyssal_escape
D:8:      layout_cave_pools, lemuel_flame_loot_1
Temple:   regret_index_temple_sigil_plot

Skill      XL: |  1  2  3  4  5  6  7  8  9 |
---------------+----------------------------+-----
Fighting       | 1 2 3 4 5 |  5.6
Earth Magic    | 4 5 6 7 |  7.3
Armour         | 1 3 4 5 6 |  6.2
Maces & Flails | 1 |  1.6
Conjurations   | 1 2 3 4 |  4.2
Shields        | 2 3 |  3.0
Spellcasting   | 3 |  3.0
Invocations    | 2 3 |  3.9
Staves         | |  0.7
Dodging        | |  1.5
Stealth        | |  2.1
Transmutations | |  0.7

Action                   |  1- 3 |  4- 6 |  7- 9 || total
-------------------------+-------+-------+-------++-------
Melee: Club              |    45 |    83 |       ||   128
       Unarmed           |     3 |       |       ||     3
       Morningstar       |       |    22 |   106 ||   128
       Staff             |       |    12 |       ||    12
       Quarterstaff      |       |       |    46 ||    46
Throw: Dart              |     8 |    50 |    15 ||    73
       Stone             |       |     7 |       ||     7
       Boomerang         |       |    10 |    15 ||    25
 Cast: Sandblast         |    26 |    58 |    41 ||   125
       Stone Arrow       |       |       |    29 ||    29
Invok: Donate Gold       |       |       |     2 ||     2
       Recite            |       |       |     2 ||     2
  Use: Scroll            |     2 |     6 |     8 ||    16
       Potion            |       |       |     1 ||     1
 Stab: Sleeping          |       |     2 |       ||     2
       Petrified         |       |       |     6 ||     6
       Petrifying        |       |       |     1 ||     1
Armor: Robe              |    26 |    44 |       ||    70
       Leather armour    |       |    17 |    56 ||    73
       Ring mail         |       |       |    30 ||    30
Dodge: Dodged            |    66 |   135 |   119 ||   320

Table legend: (Time is in decaauts)
 A = Elapsed time spent in this place.
 B = Non-inter-level travel time spent in this place.
 C = Inter-level travel time spent in this place.
 D = Time resting spent in this place.
 E = Time spent auto-exploring this place.
 F = Levels seen in this place.
 G = Mean time per level.
                   A        B        C        D        E       F      G
               +--------+--------+--------+--------+--------+-----+--------+
         Total |  10568 |  10390 |    178 |   4513 |   3547 |   9 | 1174.2 |
       Dungeon |  10265 |  10112 |    153 |   4513 |   3306 |   8 | 1283.1 |
        Temple |    303 |    278 |     25 |      0 |    241 |   1 |  303.0 |
               +--------+--------+--------+--------+--------+-----+--------+

Top non-repeatable levels by time:
     D:6: 2156 daAuts
     D:1: 1680 daAuts
     D:5: 1446 daAuts
     D:7: 1417 daAuts
     D:3: 1387 daAuts
     D:4: 1337 daAuts
     D:2: 830 daAuts
  Temple: 303 daAuts
     D:8: 9 daAuts
